[ PARTIDA AOE2 · #506366091 ]
UnrankedCoreanos vs Vikings
Equipo del jugador · DERR
Equipo rival · VICT
[ ANÁLISIS DE REPETICIÓN · EXTRAÍDO DE LA PARTIDA GRABADA ]
Feudal
12:08
Castillos
23:45
Imperial
—
| APM promedio | 37.9 |
| APM pico | 75 |
| eAPM promedio | 18.5 |
| Aldeanos / militares | 53 / 9 |
Foco
⚔️ 23.2% · 🌾 76.8%
Archer ×9
Feudal
13:33
Castillos
17:03
Imperial
—
| APM promedio | 39.5 |
| APM pico | 77 |
| eAPM promedio | 20.1 |
| Aldeanos / militares | 47 / 6 |
Foco
⚔️ 23.5% · 🌾 76.5%
Mangonel ×5 · Battering Ram ×1
Mapa de la partida
Recursos iniciales + cada clic de construcción. Líneas = muros · curvas = relieve. ◆ oro · ⬟ piedra · ● bayas · ✦ reliquia · ◌ hueco del cierre
Tu base· ✓ Cerrada en 23:45 · 7t muro · sin puerta
Base de Joseph· ✓ Cerrada en 17:03 · 33t muro · 2 puerta(s)
Terreno inicial suavizado · ◌ = hueco del cierre detectado · pasá el cursor para detalles
Inputs por minuto
— Retentio - - Joseph
Build order — Retentio
120 acciones detectadas en el replay
| 0:00 | Encolar | Villager (Male) |
| 0:01 | Encolar | Villager (Male) |
| 0:02 | Construir | House |
| 0:03 | Construir | House |
| 0:06 | Investigar | Loom |
| 0:34 | Encolar | Villager (Male) |
| 0:34 | Encolar | Villager (Male) |
| 0:35 | Encolar | Villager (Male) |
| 0:35 | Encolar | Villager (Male) |
| 2:15 | Construir | House |
| 2:28 | Construir | House |
| 2:31 | Construir | House |
| 2:47 | Encolar | Villager (Male) |
| 3:14 | Encolar | Villager (Male) |
| 3:34 | Encolar | Villager (Male) |
| 3:34 | Encolar | Villager (Male) |
| 3:51 | Encolar | Villager (Male) |
| 4:01 | Construir | Palisade Wall |
| 4:03 | Construir | Palisade Wall |
| 4:23 | Encolar | Villager (Male) |
| 4:23 | Encolar | Villager (Male) |
| 4:54 | Encolar | Villager (Male) |
| 4:54 | Encolar | Villager (Male) |
| 4:58 | Construir | Lumber Camp |
| 5:09 | Encolar | Villager (Male) |
| 5:14 | Encolar | Villager (Male) |
| 5:25 | Construir | House |
| 5:54 | Encolar | Villager (Male) |
| 6:08 | Encolar | Villager (Male) |
| 6:08 | Encolar | Villager (Male) |
| 6:45 | Encolar | Villager (Male) |
| 7:13 | Construir | House |
| 7:47 | Encolar | Villager (Male) |
| 7:48 | Encolar | Villager (Male) |
| 7:57 | Encolar | Villager (Male) |
| 8:15 | Construir | Mill |
| 8:29 | Encolar | Villager (Male) |
| 9:12 | Encolar | Villager (Male) |
| 9:43 | Construir | Mill |
| 9:58 | Investigar | Feudal Age |
| 9:58 | Investigar | Feudal Age |
| 9:58 | Investigar | Feudal Age |
| 11:11 | Construir | Mining Camp |
| 11:32 | Construir | House |
| 11:56 | Encolar | Villager (Male) |
| 11:56 | Encolar | Villager (Male) |
| 12:08 | Edad | Edad Feudal |
| 12:16 | Construir | Watch Tower |
| 12:17 | Encolar | Villager (Male) |
| 12:21 | Investigar | Double-Bit Axe |
| 12:52 | Construir | Blacksmith |
| 12:54 | Encolar | Villager (Male) |
| 13:29 | Encolar | Villager (Male) |
| 13:39 | Construir | Barracks |
| 13:52 | Encolar | Villager (Male) |
| 14:00 | Construir | Barracks |
| 14:08 | Construir | Watch Tower |
| 14:13 | Investigar | Fletching |
| 14:14 | Encolar | Villager (Male) |
| 14:17 | Construir | Farm |
| 14:19 | Construir | Farm |
| 14:36 | Construir | Mining Camp |
| 14:39 | Encolar | Villager (Male) |
| 14:59 | Construir | Barracks |
| 15:02 | Construir | House |
| 15:04 | Encolar | Villager (Male) |
| 15:18 | Encolar | Villager (Male) |
| 15:41 | Encolar | Villager (Male) |
| 15:54 | Construir | Archery Range |
| 16:00 | Construir | Watch Tower |
| 16:05 | Encolar | Villager (Male) |
| 16:08 | Construir | Farm |
| 16:29 | Construir | House |
| 16:33 | Encolar | Villager (Male) |
| 16:44 | Encolar | Archer |
| 16:48 | Encolar | Villager (Male) |
| 16:55 | Encolar | Archer |
| 17:06 | Encolar | Villager (Male) |
| 17:08 | Construir | Farm |
| 17:11 | Construir | Farm |
| 17:20 | Encolar | Archer |
| 17:28 | Encolar | Villager (Male) |
| 17:33 | Investigar | Wheelbarrow |
| 17:41 | Construir | Farm |
| 17:56 | Encolar | Archer |
| 18:00 | Construir | Farm |
| 18:02 | Construir | Farm |
| 18:05 | Encolar | Villager (Male) |
| 18:33 | Construir | House |
| 18:47 | Encolar | Archer |
| 19:31 | Encolar | Archer |
| 19:37 | Construir | Watch Tower |
| 19:44 | Encolar | Villager (Male) |
| 19:47 | Encolar | Villager (Male) |
| 19:49 | Construir | House |
| 19:55 | Construir | Market |
| 20:07 | Construir | House |
| 20:55 | Construir | Watch Tower |
| 21:06 | Investigar | Castle Age |
| 21:06 | Investigar | Castle Age |
| 21:13 | Encolar | Archer |
| 21:46 | Construir | Mining Camp |
| 22:23 | Construir | Watch Tower |
| 22:25 | Encolar | Archer |
| 22:31 | Encolar | Archer |
| 22:45 | Investigar | Horse Collar |
| 22:47 | Investigar | Stone Mining |
| 22:51 | Investigar | Gold Mining |
| 23:35 | Encolar | Villager (Male) |
| 23:39 | Encolar | Villager (Male) |
| 23:45 | Edad | Edad de los Castillos |
| 23:54 | Investigar | Bodkin Arrow |
| 24:42 | Construir | Castle |
| 24:55 | Encolar | Villager (Male) |
| 24:56 | Encolar | Villager (Male) |
| 26:06 | Encolar | Villager (Male) |
| 26:06 | Encolar | Villager (Male) |
| 26:17 | Construir | Palisade Wall |
| 26:48 | Encolar | Villager (Male) |
| 26:48 | Encolar | Villager (Male) |
Build order — Joseph
101 acciones detectadas en el replay
| 0:01 | Encolar | Villager (Male) ×4 |
| 0:02 | Construir | House |
| 0:48 | Construir | Palisade Wall |
| 0:54 | Investigar | Loom |
| 1:29 | Encolar | Villager (Male) |
| 1:47 | Encolar | Villager (Male) |
| 2:17 | Construir | Palisade Wall |
| 2:23 | Encolar | Villager (Male) |
| 2:35 | Construir | House |
| 3:11 | Encolar | Villager (Male) |
| 3:39 | Construir | Lumber Camp |
| 4:00 | Encolar | Villager (Male) |
| 4:17 | Construir | House |
| 4:48 | Encolar | Villager (Male) |
| 5:28 | Encolar | Villager (Male) |
| 5:52 | Encolar | Villager (Male) |
| 6:05 | Encolar | Villager (Male) |
| 6:29 | Encolar | Villager (Male) |
| 6:45 | Encolar | Villager (Male) |
| 7:13 | Construir | Mill |
| 7:22 | Construir | House |
| 7:29 | Construir | Palisade Wall |
| 7:49 | Encolar | Villager (Male) |
| 7:50 | Encolar | Villager (Male) |
| 8:20 | Encolar | Villager (Male) |
| 8:42 | Encolar | Villager (Male) |
| 8:49 | Encolar | Villager (Male) |
| 9:04 | Encolar | Villager (Male) |
| 9:19 | Construir | Palisade Wall |
| 9:39 | Encolar | Villager (Male) |
| 9:56 | Encolar | Villager (Male) |
| 10:13 | Encolar | Villager (Male) |
| 10:25 | Construir | Mining Camp |
| 10:45 | Construir | Palisade Wall |
| 10:49 | Construir | Palisade Gate |
| 11:11 | Construir | House |
| 11:23 | Investigar | Feudal Age |
| 12:57 | Encolar | Villager (Male) |
| 12:58 | Encolar | Villager (Male) |
| 13:33 | Edad | Edad Feudal |
| 13:35 | Construir | Market |
| 13:38 | Construir | Blacksmith |
| 14:22 | Investigar | Castle Age |
| 14:28 | Construir | Lumber Camp |
| 14:42 | Construir | Stone Wall |
| 14:53 | Construir | Stone Wall |
| 14:56 | Construir | Stone Wall |
| 15:13 | Construir | Stone Wall |
| 15:36 | Investigar | Double-Bit Axe |
| 15:43 | Construir | Farm |
| 15:44 | Construir | Farm |
| 15:53 | Construir | Gate |
| 16:23 | Construir | Farm |
| 16:32 | Construir | Farm |
| 16:35 | Construir | Farm |
| 16:50 | Construir | Mining Camp |
| 17:03 | Edad | Edad de los Castillos |
| 17:08 | Construir | Siege Workshop |
| 17:28 | Encolar | Villager (Male) |
| 17:32 | Construir | Stone Wall |
| 17:55 | Encolar | Villager (Male) |
| 17:59 | Construir | House |
| 18:12 | Encolar | Mangonel |
| 18:16 | Construir | House |
| 18:25 | Construir | Farm |
| 18:43 | Encolar | Villager (Male) |
| 18:56 | Construir | Farm |
| 19:02 | Encolar | Mangonel |
| 19:09 | Encolar | Villager (Male) |
| 20:20 | Encolar | Villager (Male) |
| 20:22 | Encolar | Mangonel |
| 20:47 | Encolar | Villager (Male) |
| 20:47 | Encolar | Villager (Male) |
| 20:48 | Encolar | Villager (Male) |
| 21:54 | Encolar | Villager (Male) |
| 21:54 | Encolar | Villager (Male) |
| 22:01 | Construir | Farm |
| 22:12 | Construir | House |
| 22:13 | Investigar | Town Watch |
| 22:27 | Encolar | Villager (Male) |
| 22:27 | Encolar | Villager (Male) |
| 22:30 | Encolar | Mangonel |
| 22:37 | Construir | House |
| 22:38 | Construir | House |
| 22:42 | Investigar | Horse Collar |
| 22:43 | Investigar | Bow Saw |
| 23:07 | Encolar | Villager (Male) |
| 23:07 | Encolar | Villager (Male) |
| 23:28 | Encolar | Villager (Male) |
| 23:34 | Encolar | Villager (Male) |
| 23:38 | Construir | Town Center |
| 23:41 | Construir | Town Center |
| 23:46 | Encolar | Mangonel |
| 24:07 | Encolar | Villager (Male) |
| 25:12 | Encolar | Battering Ram |
| 25:41 | Encolar | Villager (Male) |
| 26:01 | Encolar | Villager (Male) |
| 26:01 | Encolar | Villager (Male) |
| 26:03 | Encolar | Villager (Male) |
| 26:50 | Construir | Stone Wall |
| 26:52 | Construir | Stone Wall |
Cronología de la partida
| 0:48 | Joseph · wall_segment Palisade Wall x6 |
| 2:17 | Joseph · wall_segment Palisade Wall x4 |
| 4:01 | Retentio · wall_segment Palisade Wall x3 |
| 4:03 | Retentio · wall_segment Palisade Wall x4 |
| 7:29 | Joseph · wall_segment Palisade Wall x1 |
| 9:19 | Joseph · wall_segment Palisade Wall x1 |
| 10:45 | Joseph · wall_segment Palisade Wall x2 |
| 12:08 | Retentio · age_up feudal |
| 13:33 | Joseph · age_up feudal |
| 13:39 | Retentio · first_building Barracks |
| 14:42 | Joseph · wall_segment Stone Wall x5 |
| 14:53 | Joseph · wall_segment Stone Wall x10 |
| 14:56 | Joseph · wall_segment Stone Wall x6 |
| 15:13 | Joseph · wall_segment Stone Wall x2 |
| 15:54 | Retentio · first_building Archery Range |
| 17:03 | Joseph · age_up castle |
| 17:08 | Joseph · first_building Siege Workshop |
| 17:32 | Joseph · wall_segment Stone Wall x1 |
| 17:40 | Joseph · first_market_sell 100 wood |
| 23:45 | Retentio · age_up castle |
| 24:01 | Retentio · first_market_buy 100 stone |
| 24:42 | Retentio · first_building Castle |
| 26:17 | Retentio · wall_segment Palisade Wall x1 |
| 26:50 | Joseph · wall_segment Stone Wall x1 |
| 26:52 | Joseph · wall_segment Stone Wall x4 |
| 26:54 | Retentio · resign |
[ ANÁLISIS IA · 1 CRÉDITO ]
¿Qué pasó realmente en esta partida?
Wolo.gg analiza cada decisión: build order, eco, micro, errores típicos por bracket. Análisis personalizado por WhatsApp o Discord en 30 segundos.
Guía civ
Coreanos
Perfil
Jugador #21036341